 Dungeon Crawl Stone Soup version 0.26-a0-540-g8a0c9464d7 (webtiles) character file.

Game seed: 15029179984939027701

246 kae the Ruffian (level 5, -1/42 HPs)
             Began as a Demonspawn Gladiator on Aug 24, 2020.
             Slain by Grinder (4 damage)
             ... on level 4 of the Dungeon.
             The game lasted 00:03:11 (4757 turns).

kae the Ruffian (Demonspawn Gladiator)              Turns: 4757, Time: 00:03:12

Health: -1/42      AC:  5    Str: 21    XL:     5   Next: 84%
Magic:  5/5        EV: 12    Int: 16    God:
Gold:   231        SH:  0    Dex: 14    Spells: 4/4 levels left

rFire    . . .     SeeInvis .     - Unarmed
rCold    . . .     Faith    .   (no shield)
rNeg     . . .     Spirit   .   a - +0 leather armour
rPois    .         Reflect  .   b - +0 helmet
rElec    .         Harm     .   (no cloak)
rCorr    .                      l - +0 pair of gloves
MR       .....                  (no boots)
Stlth    +.........             (no amulet)
HPRegen  0.14/turn              e - +6 ring of intelligence
MPRegen  0.09/turn              k - +6 ring of strength

@: no status effects
A: hooves 1
a: no special abilities


You were on level 4 of the Dungeon.
You visited 1 branch of the dungeon, and saw 4 of its levels.

You collected 231 gold pieces.

Inventory:

Missiles
 c - 3 throwing nets (quivered)
Armour
 a - a +0 leather armour (worn)
 b - a +0 helmet (worn)
 l - a +0 pair of gloves (worn)
Jewellery
 e - a +6 ring of intelligence (left hand)
 k - a +6 ring of strength (right hand)
 q - an uncursed ring of protection from cold {unknown}
Wands
 r - a wand of paralysis (1)
 u - a wand of random effects (17)
 v - a wand of flame (10)
Scrolls
 f - a scroll of random uselessness
 i - 5 scrolls of teleportation
 m - 4 scrolls of remove curse
 s - 2 scrolls of identify
 t - a scroll of immolation {unknown}
 x - a scroll of fear {unknown}
Potions
 d - 2 potions of berserk rage
 g - a potion of mutation
 h - 3 potions of curing {unknown}
 j - a potion of haste
 n - a potion of flight {unknown}
 o - 2 potions of stabbing {unknown}
 p - 3 potions of lignification {unknown}
 w - a potion of heal wounds {unknown}


   Skills:
 + Level 3.8 Fighting
 - Level 1.7 Throwing
 - Level 2.6 Dodging
 * Level 5.2 Unarmed Combat


You had 4 spell levels left.
You didn't know any spells.
Your spell library was empty.

Dungeon Overview and Level Annotations

Branches:
Dungeon (4/15)
 Temple: D:4-7

Altars:
Okawaru

Annotations:
D:4 exclusion: door, Grinder


Innate Abilities, Weirdness & Mutations

You have large cloven feet.


Message History

Grinder is heavily wounded.
Grinder says, "Just stop there for a second..."
Grinder hits you.
You writhe in agony.
You hit Grinder but do no damage. Your kick misses Grinder.
Grinder is heavily wounded.
Grinder barely misses you.
You closely miss Grinder. Your kick misses Grinder.
Grinder is heavily wounded.
Grinder gestures at you. Pain shoots through your body!
* * * LOW HITPOINT WARNING * * *
You hit Grinder. You kick Grinder, but do no damage.
Grinder is severely wounded.
Grinder hits you but does no damage.
You closely miss Grinder.
Grinder is severely wounded.
Grinder hits you!
* * * LOW HITPOINT WARNING * * *
You writhe in agony.
You die...

#.......###.#.#.....#......
###..#.............##......
#..#....<..##....#...##..
#.#........#.............
...#.<......##...<........
........#.........#..........
......#..##....##.##..........
#.#...#.......##..............
# #..........@.#..#.......##..
#.........#..5...##..........
. ......##..................
...................รท.......
.......#.................
..#................).....
#......................
#.......##.#...........
.#...###.............


You could see Grinder.

Vanquished Creatures
  Jessica (D:3)
  Ijyb (D:3)
  A worker ant (D:4)
  A gnoll (D:1)
  7 adders
  2 worms (D:2)
  2 dart slugs
  3 leopard geckos (D:3)
  An orc (D:3)
  8 bats
  5 giant cockroaches
  11 goblins
  13 hobgoblins
  4 jackals (D:3)
  4 quokkas
  3 ball pythons
  9 frilled lizards
  6 kobolds
  7 rats
89 creatures vanquished.

Notes
Turn   | Place    | Note
-------+----------+-------------------------------------------
     0 | D:1      | kae the Demonspawn Gladiator began the quest for the Orb.
     0 | D:1      | Reached XP level 1. HP: 16/16 MP: 1/1
   433 | D:1      | Reached skill level 3 in Unarmed Combat
   447 | D:1      | Gained mutation: You have large cloven feet. [demonic
                  | ancestry]
   447 | D:1      | Reached XP level 2. HP: 21/22 MP: 2/2
   765 | D:1      | Reached XP level 3. HP: 28/28 MP: 3/3
  1892 | D:2      | You fall into a shaft and drop 1 floor!
  1892 | D:3      | Found an iron altar of Okawaru.
  2135 | D:2      | Reached skill level 4 in Unarmed Combat
  2135 | D:2      | Reached XP level 4. HP: 21/34 MP: 4/4
  3323 | D:3      | Noticed Ijyb
  3325 | D:3      | Paralysed by Ijyb for 6 turns
  3335 | D:3      | Paralysed by Ijyb for 2 turns
  3346 | D:3      | Killed Ijyb
  3346 | D:3      | Reached XP level 5. HP: 39/41 MP: 5/5
  3644 | D:3      | Noticed Jessica
  3650 | D:3      | Killed Jessica
  4214 | D:4      | Reached skill level 5 in Unarmed Combat
  4520 | D:4      | Noticed Grinder
  4523 | D:4      | Paralysed by Grinder for 5 turns
  4734 | D:4      | Paralysed by Grinder for 6 turns
  4757 | D:4      | Slain by Grinder

Illustrated notes

Levels and vault maps discovered:
D:1:      scummos_arrival_star, layout_basic, serial_forest,
          infiniplex_forest_end_2, infiniplex_forest_lined_2,
          infiniplex_forest_clump_large, infiniplex_forest_corner_2,
          infiniplex_forest_straight_3, infiniplex_forest_lined_room_2,
          infiniplex_forest_clump_large, infiniplex_forest_lined_1,
          serial_bayou_ford_a, hangedman_feature_mirror,
          chequers_serial_rivers_micro_c, minmay_pentomino_s4
D:2:      minmay_evil_eye, layout_loops_ring
D:3:      layout_loops_ring, okawaru_trees_1, uniq_ijyb, uniq_jessica
D:4:      minmay_goblin_kobold_castle, layout_cave_pools,
          lemuel_coloured_pillars_altar, uniq_grinder

Skill      XL: |  1  2  3  4  5 |
---------------+----------------+-----
Unarmed Combat | 3 4 5 |  5.2
Fighting       | 3 |  3.8
Throwing       | |  1.7
Dodging        | |  2.6

Action                   |  1- 3 |  4- 6 || total
-------------------------+-------+-------++-------
Melee: Unarmed           |   141 |   139 ||   280
       Kick              |    27 |    48 ||    75
       Punch             |     1 |     1 ||     2
  Use: Scroll            |     4 |     3 ||     7
 Stab: Sleeping          |     1 |       ||     1
Armor: Leather armour    |    50 |    43 ||    93
Dodge: Dodged            |    78 |    65 ||   143

Table legend: (Time is in decaauts)
 A = Elapsed time spent in this place.
 B = Non-inter-level travel time spent in this place.
 C = Inter-level travel time spent in this place.
 D = Time resting spent in this place.
 E = Time spent auto-exploring this place.
 F = Levels seen in this place.
 G = Mean time per level.
                   A        B        C        D        E       F      G
               +--------+--------+--------+--------+--------+-----+--------+
         Total |   4753 |   4689 |     64 |   1013 |   3049 |   4 | 1188.2 |
       Dungeon |   4753 |   4689 |     64 |   1013 |   3049 |   4 | 1188.2 |
               +--------+--------+--------+--------+--------+-----+--------+

Top non-repeatable levels by time:
     D:1: 1765 daAuts
     D:3: 1366 daAuts
     D:2: 1233 daAuts
     D:4: 387 daAuts
